 Dungeon Crawl Stone Soup version 0.27.1-34-g3ba077fa99 (webtiles) character file.

Game seed: 18070655381332484559

30 cyrus the Caller (level 3, -1/15 HPs)
             Began as a Felid Summoner on Jan 24, 2022.
             Succumbed to an adder's poison
             ... on level 2 of the Dungeon on Jan 25, 2022.
             The game lasted 00:08:15 (2717 turns).

cyrus the Caller (Felid Summoner)                   Turns: 2717, Time: 00:08:16

Health: -1/15      AC:  1    Str:  5    XL:     3   Next: 3%
Magic:  0/7        EV: 17    Int: 16    God:
Gold:   56         SH:  0    Dex: 16    Spells: 0/6 levels left
                                        Lives:  0   Deaths: 0

rFire    . . .     SeeInvis +   (weapon unavailable)
rCold    . . .     Faith    .   (shield unavailable)
rNeg     . . .     Spirit   .   (armour unavailable)
rPois    .         Reflect  .   (helmet unavailable)
rElec    .         Harm     .   (cloak unavailable)
rCorr    .         Rampage  .   (gloves unavailable)
Will     .....                  (boots unavailable)
Stlth    ++........             (no amulet)
HPRegen  0.05/turn              (no ring)
MPRegen  0.10/turn              (no ring)

@: lethally poisoned (-1 -> -9), quick
A: very small, claws 1, fangs 3, see invisible, speed 1, shaggy fur 1, stealthy
paws, no weapons or thrown items, no armour, multi-lived
a: no special abilities


You were on level 2 of the Dungeon.
You visited 1 branch of the dungeon, and saw 2 of its levels.

You collected 56 gold pieces.

Inventory:

Jewellery
 f - a ring of positive energy
Scrolls
 a - 2 scrolls of identify {unknown}
 b - 3 scrolls of summoning {unknown}
 g - a scroll of magic mapping {unknown}
Potions
 c - a potion of might {unknown}
 d - a potion of resistance {unknown}
 e - a potion of attraction {unknown}


   Skills:
 + Level 0.4 Fighting
 + Level 2.8 Dodging
 + Level 2.6 Stealth
 + Level 0.3 Unarmed Combat
 + Level 2.4 Spellcasting
 + Level 4.5 Summonings


You couldn't memorise any spells.
You knew the following spells:

 Your Spells              Type           Power      Damage    Failure   Level
a - Summon Small Mammal   Summ           64%        N/A       3%          1
b - Call Imp              Summ           16%        N/A       4%          2
c - Summon Guardian Gole  Hex/Summ       9%         N/A       24%         3

Your spell library contained the following spells:

 Spells                   Type           Power      Damage    Failure   Level
 Call Canine Familiar     Summ           16%        N/A       9%          3
 Sting                    Tmut/Pois      4%         1d3       21%         1
 Poisonous Vapours        Pois/Air       2%         N/A       30%         2
 Summon Lightning Spire   Summ/Air       9%         N/A       61%         4
 Olgreb's Toxic Radiance  Pois           1%         N/A       89%         4


Dungeon Overview and Level Annotations

Branches:
Dungeon (2/15)

Altars:


Innate Abilities, Weirdness & Mutations

You have sharp claws.
You have razor-sharp teeth.
You have supernaturally acute eyesight. (SInv)
You cover ground quickly. (Speed+)
You are covered in fur. (AC +1)
Your paws help you pounce on unaware monsters.
You are incapable of wielding weapons or throwing items.
You cannot wear armour.
You gain extra lives every three experience levels.


Message History

You feel sick.
The rat bites your guardian golem but does no damage.
The adder barely misses you.
The rat bites your guardian golem but does no damage.
You feel sick.
The bat hits your guardian golem but does no damage. x2
The adder closely misses you.
The bat hits your guardian golem but does no damage.
You feel sick.
The bat hits your guardian golem but does no damage. x2
The adder misses you.
Casting: Summon Guardian Golem (potentially lethal; 24% risk of failure)
Confirm with . or Enter, or press ? or * to list all spells.
A beastly little devil appears in a puff of flame.
You feel sick.
You are no longer poisoned.
The bat misses you. The adder misses you. The rat bites you.
The adder completely misses you. The rat bites you.
* * * LOW HITPOINT WARNING * * *
The bat barely misses you.
Your crimson imp barely misses the bat.
Your magical contamination has completely faded away.
Casting: Call Imp (safe; 4% risk of failure)
Confirm with . or Enter, or press ? or * to list all spells.
You don't have enough magic to cast this spell.
You barely miss the bat.
You feel yourself speed up. The bat hits you.
* * * LOW HITPOINT WARNING * * *
The adder barely misses you. x2; The rat bites your crimson imp.
Unknown command.
The bat completely misses you.
Your crimson imp completely misses the adder.
The bat hits you.
* * * LOW HITPOINT WARNING * * *
The adder bites you.
* * * LOW HITPOINT WARNING * * *
You are lethally poisoned!
The adder poisons you!
Your crimson imp misses the adder.
Found a murky green potion.
You die...

.........# #...# ..)......#
#...#....!.
.........###...#..... #. ..
...............#....##.##....#
...##########..#....#...#....#
. ##.#...#..#..#...# #.#....#
!.#....# #.#....##.##....#
#.#@b8...#......#
#.#..r..........#
#.#.S5..........#
#.#.............#
#.#######'####### #.........#
###########


You could see an adder (ally target), a bat (ally target), a rat, a friendly
guardian golem (summoned) and a friendly crimson imp (summoned, sheltered).

Vanquished Creatures
  A worm (D:2)
  A dart slug (D:2)
  2 ball pythons
  A goblin (D:2)
  A quokka (D:1)
  A bat (D:2)
  A kobold (D:1)
  2 rats (D:1)
10 creatures vanquished.

Vanquished Creatures (collateral kills)
  A worm (D:2)
  A dart slug (D:1)
  A bat (D:1)
  4 endoplasms (D:1)
  2 hobgoblins
  3 kobolds
  A quokka (D:2)
  3 ball pythons (D:1)
  A rat (D:1)
17 creatures vanquished.

Grand Total: 27 creatures vanquished

Notes
Turn   | Place    | Note
-------+----------+-------------------------------------------
     0 | D:1      | cyrus the Felid Summoner began the quest for the Orb.
     0 | D:1      | Reached XP level 1. HP: 7/7 MP: 4/4
  1209 | D:1      | Reached XP level 2. HP: 9/12 MP: 1/6
  1574 | D:1      | Learned a level 2 spell: Call Imp
  2573 | D:2      | Reached XP level 3. HP: 15/15 MP: 3/7
  2617 | D:2      | Learned a level 3 spell: Summon Guardian Golem
  2717 | D:2      | Succumbed to an adder's poison

Illustrated notes

Levels and vault maps discovered:
D:1:      evilmike_arrival_crescent, layout_loops_ring
D:2:      layout_basic, shapermc_ecumenical_altar_ellora,
          kennysheep_generic_room_2

Action                   || total
-------------------------++-------
Melee: Unarmed           ||    45
       Bite              ||     3
 Cast: Summon Small Mamm ||    28
       Call Imp          ||    19
       Summon Guardian G ||     2
 Stab: Sleeping          ||     1
Armor: Skin              ||     2
Dodge: Dodged            ||    60
